 Dungeon Crawl Stone Soup version 0.25.1-2-g60ff931df9 (webtiles) character file.

Game seed: 7356822843358063166

322 Joeren the Firebug (level 6, -11/41 HPs)
             Began as a Formicid Fire Elementalist on Aug 30, 2020.
             Was an Initiate of Sif Muna.
             Mangled by a soul eater (22 damage)
             ... summoned by a kobold demonologist
             ... on level 7 of the Dungeon.
             The game lasted 00:33:33 (5910 turns).

Joeren the Firebug (Formicid Fire Elementalist)     Turns: 5910, Time: 00:33:34

Health: -11/41     AC:  2    Str: 13    XL:     6   Next: 76%
Magic:  0/10       EV: 12    Int: 16    God:    Sif Muna [......]
Gold:   159        SH:  0    Dex: 11    Spells: 3/11 levels left

rFire    + . .     SeeInvis +   a - +0 dagger
rCold    x . .     Gourm    .   (no shield)
rNeg     . . .     Faith    .   k - +0 robe
rPois    .         Spirit   .   (helmet unavailable)
rElec    .         Reflect  .   (no cloak)
rCorr    .         Harm     .   (no gloves)
MR       .....                  (no boots)
Stlth    ++........             u - amulet of the acrobat
HPRegen  0.13/turn              q - ring of fire
MPRegen  0.12/turn              (no ring)

@: lightly drained
A: permanent stasis, dig shafts and tunnels, four strong arms, antennae 3
a: Dig, Shaft Self, Renounce Religion


You were on level 7 of the Dungeon.
You worshipped Sif Muna.
Sif Muna was noncommittal.
You were very hungry.

You visited 1 branch of the dungeon, and saw 5 of its levels.

You collected 159 gold pieces.

Inventory:

Hand Weapons
 a - a +0 dagger (weapon)
 g - a +0 hand axe
 j - a +0 hunting sling
Missiles
 h - 84 stones (quivered)
 m - 49 sling bullets
Armour
 k - a +0 robe (worn)
Jewellery
 o - an uncursed amulet of faith
 q - a ring of fire (left hand)
 u - an amulet of the acrobat (around neck)
Scrolls
 b - 3 scrolls of remove curse
 e - 4 scrolls of identify {unknown}
 f - 2 scrolls of amnesia {unknown}
 i - a scroll of blinking {unknown}
 l - 2 scrolls of enchant weapon {unknown}
 n - a scroll of fog {unknown}
 r - 2 scrolls of teleportation {unknown}
 s - a scroll of fear {unknown}
 v - a scroll of immolation {unknown}
Potions
 d - 3 potions of might {unknown}
 p - a potion of brilliance {unknown}
 t - 2 potions of mutation {unknown}
 x - a potion of ambrosia {unknown}
Comestibles
 c - 8 rations


   Skills:
 - Level 1.7(1.4) Dodging
 - Level 2.4(2.1) Stealth
 - Level 3.0(2.6) Spellcasting
 + Level 3.0(2.6) Conjurations
 + Level 5.8(5.5) Fire Magic


You had 3 spell levels left.
You knew the following spells:

 Your Spells              Type           Power        Failure   Level  Hunger
a - Foxfire               Conj/Fire      ###.         3%          1    #......
b - Conjure Flame         Conj/Fire      ###.....     11%         3    ###....
c - Sticky Flame          Conj/Fire      ###.....     34%         4    #####..

Your spell library contained the following spells:

 Spells                   Type           Power        Failure   Level  Hunger
 Inner Flame              Hex/Fire       ###.....     19%         3    ###....
 Fireball                 Conj/Fire      ###.......   69%         5    ######.


Dungeon Overview and Level Annotations

Branches:
Dungeon (7/15)
 Temple: D:4-7

Altars:
Cheibriados
Elyvilon
Gozag
Sif Muna
Uskayaw
The Shining One

Annotations:
D:3 exclusion: downstairs
D:4 Menkaure
D:7 exclusion: 2 kobold demonologists


Innate Abilities, Weirdness & Mutations

You cannot be hasted, slowed, berserked, paralysed or teleported.
You can dig through walls and to a lower floor.
Your four strong arms can wield two-handed weapons with a shield.
You have a pair of large antennae on your head. (SInv)


Message History

You feel a surge of power!
You conjure some foxfire!
The hellwing closely misses you. The hellwing completely misses you.
The crimson imp blinks!
The kobold demonologist looks encouraged for a moment.
The soul eater is engulfed in blazing flames.
The soul eater hits you!
You feel drained.
* * * LOW HITPOINT WARNING * * *
a - a +0 dagger (weapon)
The foxfire hits the hellwing.
The hellwing is lightly wounded.
The foxfire hits the hellwing but does no damage.
The hellwing is lightly wounded.
The hellwing hits you but does no damage.
The hellwing barely misses you.
Are you sure you want to shaft yourself?
You feel quite a bit more hungry.
The soul eater is engulfed in blazing flames.
The soul eater hits you!!
Ouch! That really hurt!
You die...

### ####### #### ..## #.....#
#..# ...# ##...### ##..### ...#
### ###...######......
...#########.###...............?.
.........5...5K3@4...######......
###........########### #......
##...##### #...... # ##....##
##..... # #......# #.....
##......## #..... #......{.##
#..... ##......{..## ####
#.......#...# #...


You could see a soul eater (summoned), a hellwing (summoned), a kobold
demonologist, a crimson imp (summoned) and a white imp (summoned).

Vanquished Creatures
  An ogre (D:7)
  A bullfrog (D:7)
  A hound (D:3)
  An orc wizard (D:4)
  A worker ant (D:7)
  2 adders
  2 oozes
  A worm (D:2)
  2 dart slugs
  4 leopard geckos
  5 orcs
  3 giant cockroaches
  5 goblins
  6 hobgoblins
  7 jackals (D:2)
  6 bats
  6 frilled lizards
  3 kobolds
  7 rats
64 creatures vanquished.

Vanquished Creatures (others)
  244 foxfires
244 creatures vanquished.

Grand Total: 308 creatures vanquished

Notes
Turn   | Place    | Note
-------+----------+-------------------------------------------
     0 | D:1      | Joeren the Formicid Fire Elementalist began the quest for
                  | the Orb.
     0 | D:1      | Reached XP level 1. HP: 13/13 MP: 3/3
    96 | D:1      | Reached skill level 1 in Conjurations
   282 | D:1      | Reached XP level 2. HP: 19/19 MP: 0/5
  1163 | D:1      | Reached XP level 3. HP: 24/24 MP: 2/7
  1483 | D:2      | Learned a level 3 spell: Conjure Flame
  1665 | D:2      | You fall into a shaft and drop 2 floors!
  2097 | D:4      | Noticed a centaur
  2172 | D:4      | Reached skill level 4 in Fire Magic
  2172 | D:4      | Reached XP level 4. HP: 30/30 MP: 0/8
  3118 | D:2      | Reached XP level 5. HP: 35/35 MP: 5/9
  3939 | D:2      | Reached skill level 5 in Fire Magic
  4075 | D:2      | Found a shimmering blue altar of Sif Muna.
  4075 | D:2      | Found a snail-covered altar of Cheibriados.
  4083 | D:2      | Found an opulent altar of Gozag.
  4090 | D:2      | Found a glowing golden altar of the Shining One.
  4093 | D:2      | Found a hide-covered altar of Uskayaw.
  4115 | D:2      | Became a worshipper of Sif Muna the Loreminder
  4567 | D:3      | Found a white marble altar of Elyvilon.
  5031 | D:4      | Noticed Menkaure
  5183 | D:3      | You fall into a shaft and drop 1 floor!
  5183 | D:4      | Noticed a centaur
  5187 | D:4      | You fall into a shaft and drop 3 floors!
  5446 | D:7      | Noticed a bullfrog
  5453 | D:7      | Killed a bullfrog
  5453 | D:7      | Reached XP level 6. HP: 19/41 MP: 5/10
  5625 | D:7      | Noticed an ogre
  5639 | D:7      | Killed an ogre
  5771 | D:7      | Learned a level 4 spell: Sticky Flame
  5847 | D:7      | Noticed a kobold demonologist
  5847 | D:7      | Noticed a manticore
  5904 | D:7      | Noticed a hellwing
  5908 | D:7      | Noticed a soul eater
  5910 | D:7      | Mangled by a soul eater

Illustrated notes

Levels and vault maps discovered:
D:1:      dpeg_arrival_subterranean_lakeside_camping, layout_loops_ring,
          roderic_serpentine_path
D:2:      minmay_wonky_spiral, layout_basic,
          chequers_temple_overflow_minitemple, minmay_lizard_pond
D:3:      layout_basic, elyvilon_altar_3, minmay_misc_feat_encased,
          uniq_crazy_yiuf_cottage
D:4:      layout_cave_pods, first_ration, minmay_manual_mares, uniq_menkaure
D:7:      minmay_the_grid_octo_2x2 [minmay_the_grid_octo_concentric,
          minmay_the_grid_octo_shrine, minmay_the_grid_octo_clover,
          minmay_the_grid_octo_prize_square_snowflake], layout_cave_pods,
          nicolae_ru_path_of_blood, grunt_ministairs_11

Skill      XL: |  1  2  3  4  5  6 |
---------------+-------------------+-----
Conjurations   | 1 2 3 |  3.0
Spellcasting   | 3 |  3.0
Fire Magic     | 4 5 |  5.8
Dodging        | |  1.7
Stealth        | |  2.4

Action                   |  1- 3 |  4- 6 || total
-------------------------+-------+-------++-------
Melee: Unarmed           |     3 |       ||     3
       Hand axe          |     4 |       ||     4
       Dagger            |    17 |     5 ||    22
 Fire: Hunting sling     |       |     5 ||     5
Throw: Stone             |     2 |     6 ||     8
 Cast: Foxfire           |    70 |   111 ||   181
       Conjure Flame     |       |     5 ||     5
 Abil: Dig               |     3 |     6 ||     9
       Shaft Self        |     1 |     3 ||     4
  Use: Scroll            |     1 |       ||     1
  Eat: Chunk             |     4 |    10 ||    14
       Ration            |       |     1 ||     1
Armor: Robe              |    12 |     4 ||    16
Dodge: Dodged            |    37 |    19 ||    56
